 Dungeon Crawl Stone Soup version 0.30-a0-377-g5cb311bc9f (webtiles) character file.

Game seed: 14459149015430141055

193771 p00ps00p the Executioner (level 18, -9/176 HPs)
             Began as a Hill Orc Fighter on Nov 30, 2022.
             Was an Initiate of Gozag.
             Mangled by a crystal guardian (38 damage)
             ... in the Desolation of Salt.
             The game lasted 01:09:51 (29639 turns).

p00ps00p the Executioner (Hill Orc Fighter)        Turns: 29639, Time: 01:09:52

Health: -9/176     AC: 40    Str: 33    XL:     18   Next: 73%
Magic:  18/18      EV: 11    Int: 14    God:    Gozag
Gold:   215        SH: 13    Dex: 10    Spells: 17/17 levels left

rFire   + + +      SeeInvis .    J - +5 broad axe (drain)
rCold   + + +      Faith    .    C - +0 kite shield {AC+3}
rNeg    + . .      Spirit   .    P - +3 gold dragon scales
rPois   +          Reflect  .    K - +0 helmet
rElec   +          Harm     .    j - +1 cloak of Starlight {*Dazzle EV+4 Stlth--}
rCorr   +          Rampage  .    x - +2 pair of gloves
Will    ++...                    y - +2 pair of boots {Stlth+}
Stlth   ..........               F - amulet of Xom's Fair Game {Will+ Regen+ Int+6}
HPRegen 1.29/turn                r - +6 ring of strength
MPRegen 0.16/turn                A - ring of the Scarab {rF+ rC+ rN+}

@: about to teleport, resistant, gold aura
A: no striking features
a: Renounce Religion, Potion Petition, Call Merchant, Bribe Branch


You were in the Desolation of Salt.
You worshipped Gozag.
Gozag was aware of your devotion.
You visited 5 branches of the dungeon, and saw 25 of its levels.
You visited the Abyss 1 time.
You also visited: Sewer, Ossuary, Gauntlet and Desolation.

You collected 10671 gold pieces.
You spent 3529 gold pieces at shops.
You paid 6927 gold pieces to Gozag.

Inventory:

Hand Weapons
 E - a +4 scimitar of flaming
 J - a +5 broad axe of draining (weapon)
 X - a +1 vampiric hand axe
Missiles
 i - 6 curare-tipped darts (quivered)
Armour
 f - the +2 cloak of Privacy {Str+4 Int+4 Dex+3}
   (You acquired it on level 3 of the Dungeon)

   Str:       It affects your strength (+4).
   Int:       It affects your intelligence (+4).
   Dex:       It affects your dexterity (+3).
 j - the +1 cloak of Starlight (worn) {*Dazzle EV+4 Stlth--}
   (You found it on level 8 of the Dungeon)

   It may blind those who miss an attack against the wearer in melee combat.
   EV:        It affects your evasion (+4).
   Stlth:     It makes you much less stealthy.
 x - a +2 pair of gloves (worn)
 y - a +2 pair of boots of stealth (worn)
 C - a +0 kite shield of protection (worn)
 K - a +0 helmet (worn)
 P - +3 gold dragon scales (worn)
 T - the +2 cloak of Eseduag {Harm Int+4 Dex-5 SInv}
   (You found it on level 12 of the Dungeon)

   Int:       It affects your intelligence (+4).
   Dex:       It affects your dexterity (-5).
   SInv:      It lets you see invisible.
   Harm:      It increases damage dealt and taken.
Jewellery
 k - a ring of protection from fire
 r - a +6 ring of strength (left hand)
 A - the ring of the Scarab (right hand) {rF+ rC+ rN+}
   (You found it on level 15 of the Dungeon)

   [ring of positive energy]

   rF:        It protects you from fire.
   rC:        It protects you from cold.
   rN:        It protects you from negative energy.
 F - the amulet of Xom's Fair Game (around neck) {Will+ Regen+ Int+6}
   (You bought it in a shop on level 1 of the Orcish Mines)

   [amulet of regeneration]

   Int:       It affects your intelligence (+6).
   Regen:     It increases your rate of health regeneration.
   Will:      It increases your willpower.
Wands
 a - a wand of flame (6)
 n - a wand of polymorph (11)
 s - a wand of mindburst (12)
 w - a wand of digging (9)
 G - a wand of paralysis (12)
 M - a wand of iceblast (16)
 S - a wand of acid (8)
Scrolls
 b - a scroll of summoning
 c - a scroll of magic mapping
 g - 7 scrolls of amnesia
 h - 3 scrolls of poison
 m - a scroll of blinking
 t - 13 scrolls of teleportation
 O - 2 scrolls of fear
 V - 5 scrolls of identify
 W - 3 scrolls of fog
Potions
 d - 6 potions of might
 e - 4 potions of mutation
 l - 2 potions of brilliance
 o - 3 potions of lignification
 q - 10 potions of curing
 B - 2 potions of invisibility
 D - 3 potions of cancellation
 H - a potion of resistance
 I - 2 potions of haste
 L - 7 potions of magic
 U - 8 potions of ambrosia
Miscellaneous
 R - a phial of floods


   Skills:
 + Level 19.4 Fighting
 + Level 23.3 Axes
 + Level 17.9 Armour
 + Level 17.9 Shields


You had 17 spell levels left.
You didn't know any spells.
Your spell library contained the following spells:

 Spells                   Type           Power      Damage    Failure   Level
 Apportation              Tloc           0%         N/A       99%         1
 Kiss of Death            Conj/Necr      0%         2d5       99%         1
 Magic Dart               Conj           0%         1d3       99%         1
 Necrotise                Necr           0%         1d4       99%         1
 Shock                    Conj/Air       0%         1d3       99%         1
 Slow                     Hex            0%         N/A       99%         1
 Summon Small Mammal      Summ           0%         N/A       99%         1
 Scorch                   Fire           0%         2d5       100%        2
 Searing Ray              Conj           0%         2d4       100%        2
 Sublimation of Blood     Necr           0%         N/A       100%        2
 Confusing Touch          Hex            0%         N/A       100%        3
 Hailstorm                Conj/Ice       0%         3d3       100%        3
 Inner Flame              Hex/Fire       0%         N/A       100%        3
 Ozocubu's Armour         Ice            0%         N/A       100%        3
 Summon Guardian Golem    Hex/Summ       0%         N/A       100%        3
 Swiftness                Air            0%         N/A       100%        3
 Vampiric Draining        Necr           0%         2d6       100%        3
 Airstrike                Air            0%         2d(0-16)  100%        4
 Cause Fear               Hex            0%         N/A       100%        4
 Flame Wave               Conj/Fire      0%         2d4       100%        4
 Fulminant Prism          Conj/Hex       0%         3d5       100%        4
 Ice Form                 Ice/Tmut       0%         N/A       100%        4
 Petrify                  Tmut/Erth      0%         N/A       100%        4
 Summon Ice Beast         Ice/Summ       0%         N/A       100%        4
 Summon Lightning Spire   Summ/Air       0%         N/A       100%        4
 Irradiate                Conj/Tmut      0%         3d11      100%        5
 Lightning Bolt           Conj/Air       0%         1d11      100%        5
 Metabolic Englaciation   Hex/Ice        0%         N/A       100%        5
 Summon Mana Viper        Hex/Summ       0%         N/A       100%        5
 Summon Cactus Giant      Summ           0%         N/A       100%        6
 Monstrous Menagerie      Summ           0%         N/A       100%        7
 Orb of Destruction       Conj           0%         9d5       100%        7
 Spellforged Servitor     Conj/Summ      0%         N/A       100%        7
 Discord                  Hex            0%         N/A       100%        8
 Chain Lightning          Conj/Air       0%         N/A       100%        9
 Simulacrum               Ice/Necr       Unusable   N/A       N/A         6

Dungeon Overview and Level Annotations

Branches:
Dungeon (15/15)            Temple (1/1) D:5            Lair (5/5) D:9
  Swamp (0/4) Lair:3       Spider (0/4) Lair:2        Slime (0/5) Lair:4
    Orc (2/2) D:12            Elf (2/3) Orc:2        Vaults (0/5) D:13
  Sewer (visited)         Ossuary (visited)         Desolation (1/1)
Gauntlet (visited)
 Depths: D:15

Altars:
Ashenzari
Cheibriados
Dithmenos
Elyvilon
Fedhas
Gozag
Hepliaklqana
Kikubaaqudgha
Makhleb
Nemelex Xobeh
Okawaru
Qazlal
Ru
Sif Muna
Trog
Uskayaw
Vehumet
Wu Jian
Xom
Yredelemnul
Zin
The Shining One
Beogh

Shops:
D:5 [   D:6 [   D:7 ?   D:8 (   D:11 [   D:13 (*   Orc:1 =   Orc:2 :*(**
Elf:1 *   Lair:2 [   Lair:5 (

Portals:
Abyss: D:9


Message History

The ironbound convoker hits you but does no damage.
The crystal guardian hits you!!
* * * LOW HITPOINT WARNING * * *
The servant of whispers prays to its god.
The air becomes perfectly still.
The peacekeeper roars!
An ironbound convoker comes into view.
It is wielding a +2 morningstar of protection.
Okay, then.
As you read the scroll of teleportation, it crumbles to dust.
You feel strangely unstable.
The ironbound convoker shouts!
The saltling is no longer distracted by gold. x2
The saltling hits you but does no damage.
The saltling is distracted by your dazzling golden aura.
The ragged hierophant is distracted by your dazzling golden aura.
The crystal guardian is distracted by your dazzling golden aura.
The ironbound convoker closely misses you.
The servant of whispers is distracted by your dazzling golden aura.
The saltling is distracted by your dazzling golden aura.
A ragged hierophant comes into view. It is wielding a +0 whip.
The saltling is distracted by your dazzling golden aura. x2
The ragged hierophant shouts!
The servant of whispers shouts!
The ragged hierophant shouts!
You slice the saltling!!
You destroy the saltling!
You hit the peacekeeper.
The peacekeeper is no longer distracted by gold.
You closely miss the ironbound convoker.
You slash the ragged hierophant!
The ragged hierophant is no longer distracted by gold.
You slash the crystal guardian!
The crystal guardian is no longer distracted by gold.
The saltling is distracted by your dazzling golden aura.
A saltling comes into view.
The peacekeeper is distracted by your dazzling golden aura.
The ragged hierophant is distracted by your dazzling golden aura.
The ironbound convoker is distracted by your dazzling golden aura.
The crystal guardian hits you!!!
You die...
Your body crumbles into a pile of gold.

........................
....................#...
.....................#..
......9#................
.......999..............
.......$9$9.......∩.....
.....9.S.$..............
.....99$a$...a....∩.....
......p@9$$$$...........
.......$$$$.#...........
........$$$$$#..........
........................
........................
9..p....................
........................
...a...............
......9...........


You could see 2 ragged hierophants, a servant of whispers (stilling wind), a
crystal guardian (strong), 2 ironbound convokers, a peacekeeper (unaware), a
guardian serpent and 9 saltlings.

Vanquished Creatures
  Agnes (D:14)
  A deep elf sorcerer (Elf:1)
  A frost giant (D:15)
  A deep elf demonologist (Elf:1)
  A deep elf annihilator (Elf:1)
  A minotaur (Gauntlet)
  Snorg (D:14)
  2 crystal guardians (Desolation)
  4 ragged hierophants (Desolation)
  A green death (Gauntlet)
  A fire dragon (Lair:5)
  4 servants of whispers (Desolation)
  Fannar (Orc:1)
  A great orb of eyes (D:15)
  A rakshasa (D:15)
  A peacekeeper (Desolation)
  A catoblepas (Lair:5)
  7 hydras
  5 vault guards
  5 boulder beetles
  Erica (D:9)
  4 centaur warriors
  12 dancing weapons (Elf:1)
  4 two-headed ogres
  A death scarab (Gauntlet)
  An orc high priest (Orc:1)
  6 tengu warriors
  5 death yaks (Lair:5)
  Sonja (Lair:1)
  5 deep elf knights (Elf:1)
  A soul eater (D:9)
  4 skeletal warriors
  The ghost of drugrobin the Slicer, a novice DgDe (D:8)
  A bog body (Lair:3)
  6 deep elf archers (Elf:1)
  3 wizards
  8 orc knights (Orc:2)
  A lindwurm (Lair:2)
  An ironbound convoker (Desolation)
  12 deep elf pyromancers
  A necromancer (Gauntlet)
  18 deep elf zephyrmancers (Elf:1)
  A large abomination (D:9)
  3 orc sorcerers
  3 oklob plants (Lair:4)
  4 manticores
  2 ugly things
  10 cyclopes
  4 black mambas
  30 elephants
  3 guardian serpents (Desolation)
  3 gargoyles
  A cane toad (shapeshifter) (D:14)
  11 cane toads
  17 komodo dragons
  A torpor snail (Lair:5)
  A komodo dragon (shapeshifter) (D:15)
  15 rime drakes
  The ghost of qeuew the Jinx, a novice FeEn of Dithmenos (D:9)
  2 unseen horrors
  2 yaktaurs
  2 freezing wraiths (D:11)
  9 trolls
  3 tengu conjurers
  A queen bee (D:12)
  3 meliai (D:12)
  9 polar bears (Lair:5)
  A meliai (shapeshifter) (D:15)
  A hornet (D:10)
  16 blink frogs
  31 saltlings (Desolation)
  A raiju (Lair:5)
  A dream sheep (shapeshifter) (D:15)
  3 dream sheep (Lair:5)
  2 air elementals (Elf:1)
  A raiju (shapeshifter) (D:13)
  Sigmund (D:2)
  2 shadows
  A centaur simulacrum (D:14)
  4 wyverns
  A wraith (D:12)
  2 vampires (D:13)
  A water elemental (Elf:1)
  2 fire elementals (Elf:1)
  19 humans (D:13)
  5 basilisks
  67 yaks
  5 vampire mosquitoes
  10 steam dragons
  Menkaure (D:4)
  A spectral cane toad (Gauntlet)
  13 wargs
  A swamp worm (Lair:3)
  7 acid dragons
  14 hell hounds (Lair:5)
  13 water moccasins
  A floating eye (D:15)
  A floating eye (shapeshifter) (D:9)
  39 orc warriors
  8 ice beasts
  A sky beast (D:8)
  12 black bears
  A boggart (D:15)
  4 ogres
  23 wolves
  5 centaurs (D:9)
  A kobold brigand (D:8)
  16 bullfrogs
  3 necrophages
  2 gnoll sergeants
  2 scorpions (D:4)
  2 small abominations (D:9)
  8 wights
  33 killer bees
  4 electric eels
  6 howler monkeys
  A lava snake (D:14)
  2 hounds
  A jelly (D:5)
  11 orc priests
  A gnoll bouda (D:9)
  6 iguanas (Lair:1)
  12 orc wizards
  9 mummies
  14 gnolls
  8 adders
  3 shadow imps
  8 worms
  2 dart slugs
  72 orcs
  14 ball pythons
  6 bats
  12 endoplasms
  9 giant cockroaches
  4 gnoll zombies (Ossuary)
  3 goblins
  7 hobgoblins
  3 jackals (D:2)
  17 quokkas
  15 frilled lizards
  A hobgoblin zombie (Ossuary)
  12 kobolds
  2 kobold zombies (Ossuary)
  An orc zombie (Ossuary)
  7 rats
941 creatures vanquished.

Vanquished Creatures (collateral kills)
  A hydra (D:11)
  A centaur simulacrum (D:11)
  A yak (D:11)
3 creatures vanquished.

Vanquished Creatures (others)
  A peacekeeper (Desolation)
  A deep elf knight (Elf:1)
  A deep elf zephyrmancer (Elf:1)
  2 rime drakes (Lair:5)
  A yak (Lair:5)
  A centaur simulacrum (D:11)
  2 steam dragons (Lair:5)
  A wolf (Lair:5)
  2 orc wizards
  24 fungi
  54 plants
  4 toadstools (D:4)
  4 withered plants (Gauntlet)
98 creatures vanquished.

Grand Total: 1042 creatures vanquished

Notes
Turn   | Place    | Note
-------+----------+-------------------------------------------
     0 | D:1      | p00ps00p the Hill Orc Fighter began the quest for the Orb.
     0 | D:1      | Reached XP level 1. HP: 19/19 MP: 1/1
   366 | D:1      | Reached XP level 2. HP: 27/27 MP: 2/2
   422 | D:1      | Reached skill level 3 in Axes
   711 | D:1      | Reached XP level 3. HP: 33/33 MP: 3/3
  1160 | D:2      | Noticed Sigmund
  1185 | D:2      | Killed Sigmund
  1186 | D:2      | Reached skill level 4 in Axes
  1186 | D:2      | Reached XP level 4. HP: 23/41 MP: 4/4
  1186 | D:2      | Reached XP level 5. HP: 26/47 MP: 5/5
  1361 | D:2      | Reached skill level 5 in Fighting
  1361 | D:2      | Reached XP level 6. HP: 56/56 MP: 6/6
  1585 | D:3      | Identified a scroll of acquirement
  1585 | D:3      | Acquired the +2 cloak of Privacy {Str+4 Int+4 Dex+3}
  1625 | D:3      | Found a blossoming altar of Fedhas.
  1836 | D:3      | Noticed a moth of wrath
  1853 | D:3      | Found a glowing drain.
  1884 | Sewer    | Entered a sewer
  2007 | Sewer    | Reached skill level 5 in Axes
  2152 | Sewer    | Reached skill level 5 in Armour
  2152 | Sewer    | Reached skill level 5 in Shields
  2152 | Sewer    | Reached XP level 7. HP: 33/61 MP: 7/7
  2289 | D:3      | Found a bloodstained altar of Trog.
  2587 | D:3      | Identified the +1 leather armour of the Distant Future {rC+
                  | Regen+ MP+9}
  2820 | D:4      | Noticed Menkaure
  3088 | D:4      | Killed Menkaure
  3401 | D:4      | Reached skill level 6 in Axes
  3415 | D:4      | Reached XP level 8. HP: 71/71 MP: 8/8
  3762 | D:4      | Found an opulent altar of Gozag.
  3762 | D:4      | Found a glowing golden altar of the Shining One.
  3837 | D:5      | Entered Level 5 of the Dungeon
  3840 | D:5      | Found Ahiyrel's Armour Boutique.
  3845 | D:5      | Bought a +2 chain mail of fire resistance for 279 gold
                  | pieces
  3954 | D:5      | Found a staircase to the Ecumenical Temple.
  3985 | Temple   | Entered the Ecumenical Temple
  4364 | D:5      | Reached skill level 7 in Axes
  5120 | D:4      | Became a worshipper of Gozag Ym Sagoz the Greedy
  5624 | D:6      | Found Sarasvati's Dragon-Slaying Spoils.
  5794 | D:6      | Reached XP level 9. HP: 66/79 MP: 9/9
  6206 | D:7      | Found Xuefryj's Magic Scroll Shop.
  6257 | D:7      | Acquired a manual of Axes
  6342 | D:7      | Reached skill level 8 in Axes
  6664 | D:7      | Reached skill level 9 in Axes
  7214 | D:7      | Found an iron altar of Okawaru.
  7545 | D:8      | Found the +1 cloak of Starlight {*Dazzle EV+4 Stlth--}
  7762 | D:8      | Reached skill level 10 in Axes
  7902 | D:8      | Found a sand-covered staircase.
  7911 | Ossuary  | Entered an ossuary
  8459 | D:8      | Reached XP level 10. HP: 89/91 MP: 10/10
  8520 | D:8      | Found a runed translucent gate.
  8520 | D:8      | Found a runed translucent gate.
  8528 | D:8      | Found Dukibb's Antique Weapon Shoppe.
  8629 | D:8      | Found a runed translucent gate.
  8630 | D:8      | Noticed drugrobin's ghost (novice DgDe)
  8914 | D:8      | Killed drugrobin's ghost
  8915 | D:8      | Reached skill level 11 in Axes
  9019 | D:9      | Found a transporter.
  9020 | D:9      | Found a transporter.
  9215 | D:9      | Reached skill level 12 in Axes
  9222 | D:9      | Reached skill level 10 in Fighting
  9435 | D:9      | Reached skill level 13 in Axes
  9443 | D:9      | Found a staircase to the Lair.
  9452 | D:9      | Reached XP level 11. HP: 78/101 MP: 11/11
  9595 | D:9      | Found a one-way gate to the infinite horrors of the Abyss.
  9595 | D:9      | Noticed qeuew's ghost (novice FeEn)
  9603 | D:9      | Noticed a soul eater
 10063 | D:9      | Noticed Erica
 10070 | D:9      | Killed Erica
 10337 | D:9      | Noticed a large abomination
 10466 | D:6      | Bought +0 gold dragon scales for 800 gold pieces
 10583 | D:10     | Entered Level 10 of the Dungeon
 10701 | D:10     | Paralysed by a hornet for 3 turns
 10705 | D:10     | Reached skill level 10 in Shields
 10708 | D:10     | Reached skill level 14 in Axes
 10708 | D:10     | Reached skill level 10 in Armour
 11848 | D:11     | Noticed a two-headed ogre
 11848 | D:11     | Noticed a cyclops
 11848 | D:11     | Noticed a boulder beetle
 11849 | D:11     | Noticed a manticore
 11849 | D:11     | Noticed a cyclops
 11863 | D:11     | Killed a manticore
 11867 | D:11     | Killed a two-headed ogre
 11868 | D:11     | Reached skill level 15 in Axes
 11873 | D:11     | Killed a cyclops
 11881 | D:11     | Killed a cyclops
 11888 | D:11     | Killed a boulder beetle
 12272 | D:11     | Noticed a boulder beetle
 12286 | D:11     | Killed a boulder beetle
 12287 | D:11     | Reached XP level 12. HP: 79/112 MP: 12/12
 12401 | D:11     | Reached skill level 16 in Axes
 12413 | D:11     | Noticed a four-headed hydra
 12427 | D:11     | Killed a seven-headed hydra
 12428 | D:11     | Noticed an eight-headed hydra
 13159 | D:11     | Killed an eight-headed hydra
 13528 | D:11     | Got Wyuhu's Book of the Salvo
 13608 | D:12     | Noticed a boulder beetle
 13621 | D:12     | Reached skill level 17 in Axes
 13638 | D:12     | Killed a boulder beetle
 13742 | D:12     | Identified the +2 cloak of Eseduag {Harm Int+4 Dex-5 SInv}
 13962 | D:12     | Noticed a two-headed ogre
 13969 | D:12     | Killed a two-headed ogre
 14160 | D:12     | Found a staircase to the Orcish Mines.
 14288 | D:12     | Reached skill level 18 in Axes
 14288 | D:12     | Reached XP level 13. HP: 122/122 MP: 13/13
 14731 | D:13     | Found Pututo's Blood Bar.
 14752 | D:13     | Bought a +1 vampiric hand axe for 192 gold pieces
 14958 | D:13     | HP: 5/122 [something (8)]
 16104 | D:13     | Noticed a vault guard
 16109 | D:13     | Noticed a vault guard
 16112 | D:13     | Noticed a vault guard
 16121 | D:13     | Killed a vault guard
 16124 | D:13     | Killed a vault guard
 16125 | D:13     | Reached skill level 19 in Axes
 16131 | D:13     | Killed a vault guard
 16224 | D:13     | Found a gate to the Vaults.
 16246 | D:13     | Identified the +1 cloak "Bitopoasu" {Harm *Slow rPois rC++}
 16470 | D:13     | Reached XP level 14. HP: 118/133 MP: 14/14
 16712 | D:9      | Killed qeuew's ghost
 17305 | Orc:1    | Entered Level 1 of the Orcish Mines
 18174 | Orc:2    | Entered Level 2 of the Orcish Mines
 18217 | Orc:2    | Found Alulejye's Weapon Shoppe.
 18296 | Orc:2    | Found a gate leading to a gauntlet.
 18314 | Gauntlet | Entered a Gauntlet
 18314 | Gauntlet | Found a transporter.
 18322 | Gauntlet | Found a transporter.
 18324 | Gauntlet | Found a transporter.
 18335 | Gauntlet | Found a transporter.
 18338 | Gauntlet | Found a transporter.
 18342 | Gauntlet | Found a runed translucent door.
 18343 | Gauntlet | Found a runed translucent door.
 18346 | Gauntlet | Found a transporter.
 18361 | Gauntlet | Found a runed translucent gate.
 18362 | Gauntlet | Found a transporter.
 18362 | Gauntlet | Found a runed translucent gate.
 18363 | Gauntlet | Found a runed translucent gate.
 18370 | Gauntlet | Found a runed translucent door.
 18374 | Gauntlet | Found a transporter.
 18387 | Gauntlet | Found a transporter.
 18388 | Gauntlet | Noticed a cacodemon
 18400 | Gauntlet | Found a transporter.
 18410 | Gauntlet | Found a transporter.
 18410 | Gauntlet | Found a transporter.
 18456 | Gauntlet | Found a transporter.
 18470 | Gauntlet | Found a transporter.
 18607 | Gauntlet | Reached skill level 15 in Fighting
 18906 | Gauntlet | Identified the +7 scimitar of Sin {drain, Fly Stlth+}
 18964 | Orc:2    | Found a staircase to the Elven Halls.
 19677 | Orc:2    | Found Witehoy's General Store.
 19708 | Orc:2    | Bought a potion of curing for 39 gold pieces
 19708 | Orc:2    | Bought a wand of mindburst (2) for 36 gold pieces
 19716 | Orc:2    | Found Maatton's Book Boutique.
 19948 | Orc:2    | Found a roughly hewn altar of Beogh.
 20063 | Orc:2    | Found Cymidoa's Assorted Antiques.
 20096 | Orc:2    | Bought a scroll of blinking for 255 gold pieces
 20096 | Orc:2    | Bought a pair of embroidered gloves for 255 gold pieces
 20105 | Orc:2    | Found Matwal's General Store.
 20140 | Orc:2    | Bought a scroll of teleportation for 39 gold pieces
 20140 | Orc:2    | Bought a scroll of enchant armour for 97 gold pieces
 20140 | Orc:2    | Bought a potion of curing for 39 gold pieces
 20268 | Orc:1    | Found a burning altar of Makhleb.
 20487 | Orc:1    | Noticed Fannar
 20500 | Orc:1    | Killed Fannar
 20501 | Orc:1    | Reached skill level 20 in Axes
 20625 | Orc:1    | Bought the amulet of Xom's Fair Game {Will+ Regen+ Int+6}
                  | for 772 gold pieces
 20711 | D:14     | Found a sparkling altar of Nemelex Xobeh.
 20711 | D:14     | Noticed Snorg
 20715 | D:14     | Killed Snorg
 20925 | D:14     | Noticed Agnes
 20929 | D:14     | Killed Agnes
 21302 | D:15     | Entered Level 15 of the Dungeon
 21340 | D:15     | Reached XP level 15. HP: 138/143 MP: 15/15
 21409 | D:15     | Identified the ring of the Scarab {rF+ rC+ rN+}
 21427 | D:15     | Noticed a frost giant
 21435 | D:15     | Killed a frost giant
 21449 | D:15     | Paralysed by a floating eye for 3 turns
 21556 | D:15     | Reached skill level 15 in Armour
 22187 | Lair:1   | Entered Level 1 of the Lair of Beasts
 22216 | Lair:1   | Reached skill level 15 in Shields
 22469 | Lair:1   | Noticed Sonja
 22482 | Abyss:1  | Cast into level 1 of the Abyss (Sonja)
 22496 | Lair:1   | Escaped the Abyss
 22519 | Lair:1   | Killed Sonja
 23104 | Lair:2   | Found a hole to the Spider Nest.
 23939 | Lair:3   | Reached skill level 21 in Axes
 24052 | Lair:3   | Found a staircase to the Swamp.
 24894 | Lair:4   | Found a staircase to the Slime Pits.
 25530 | Lair:4   | Found a shimmering altar of Xom.
 25584 | Lair:4   | Reached XP level 16. HP: 155/155 MP: 16/16
 25996 | Lair:5   | Entered Level 5 of the Lair of Beasts
 26677 | Lair:2   | Bought a pair of embroidered boots for 187 gold pieces
 26677 | Lair:2   | Bought a pair of glowing boots for 187 gold pieces
 26677 | Lair:2   | Bought a shiny kite shield for 187 gold pieces
 26987 | Lair:5   | Reached skill level 22 in Axes
 27859 | Lair:5   | Reached XP level 17. HP: 166/166 MP: 17/17
 28198 | Elf:1    | Entered Level 1 of the Elven Halls
 28198 | Elf:1    | Found a runed translucent gate.
 28198 | Elf:1    | Found a runed translucent gate.
 28198 | Elf:1    | Found a runed translucent gate.
 28198 | Elf:1    | Found a runed translucent gate.
 28198 | Elf:1    | Found a runed translucent gate.
 28198 | Elf:1    | Found a runed translucent gate.
 28204 | Elf:1    | Found a runed translucent door.
 28216 | Elf:1    | Found a runed translucent door.
 28237 | Elf:1    | Identified the ring "Bioryron" {rPois rC+}
 28264 | Elf:1    | Bought a notched ruby ring for 165 gold pieces
 28315 | Elf:1    | Reached XP level 18. HP: 91/173 MP: 18/18
 28667 | Elf:1    | Paralysed by an air elemental for 1 turns
 28673 | Elf:1    | Paralysed by an air elemental for 1 turns
 28681 | Elf:1    | Paralysed by an air elemental for 1 turns
 28685 | Elf:1    | Paralysed by an air elemental for 1 turns
 28688 | Elf:1    | Paralysed by an air elemental for 1 turns
 28690 | Elf:1    | Paralysed by an air elemental for 1 turns
 28697 | Elf:1    | Paralysed by an air elemental for 1 turns
 29034 | Elf:1    | Reached skill level 23 in Axes
 29505 | Elf:2    | Found a crumbling gateway.
 29517 | Desolati | Entered the Desolation of Salt
 29639 | Desolati | Mangled by a crystal guardian

Illustrated notes

Levels and vault maps discovered:
D:1:      dpeg_arrival_round_c, layout_basic
D:2:      layout_basic, uniq_sigmund
D:3:      layout_basic, amcnicky_altar_gilded, tgw_trog, serial_curves,
          eino_curves_04, eino_curves_04, cheibrodos_sewer_entry_bend,
          chequers_serial_rivers_small_3
D:4:      layout_loops_ring, nicolae_overflow_two_pavilions, glass_columns_c,
          minmay_gold_behind_fungi, uniq_menkaure
D:5:      layout_basic, temple_fountains, serial_shops, shop
D:6:      layout_gridville, serial_glass, glass_columns_a, glass_columns_a,
          item_on_display_a, feat_on_display, feat_on_display,
          item_on_display_b, serial_bayou_lagoon_a, nicolae_shop_dragon_depot
D:7:      layout_loops_corners, hellmonk_okawaru_the_only_friend_you_need,
          serial_shops, nicolae_stop_n_shop_2
D:8:      layout_cave_pods, gup_ossuary_entry_pyramid, serial_shops,
          nicolae_square_shop, ebering_ghost_rock_garden
D:9:      layout_stronghold, hellmonk_lair_entry_icy,
          gammafunk_ghost_abyssal_escape, st_stairs_2, uniq_erica
D:10:     layout_cave_pools
D:11:     minmay_the_grid_triangle_9x9_line_8_mashed
          [minmay_the_grid_triangle_9x9_skeleton,
          minmay_the_grid_triangle_9x9_corruption,
          minmay_the_grid_triangle_9x9_corrupted_corridor,
          minmay_the_grid_triangle_9x9_windchime,
          minmay_the_grid_triangle_9x9_shrine,
          minmay_the_grid_triangle_9x9_limited_checkers,
          minmay_the_grid_triangle_9x9_negative_grid,
          minmay_the_grid_triangle_9x9_prize_center], layout_stronghold
D:12:     layout_basic, orc_0_dummy, special_room [special_room_bee]
D:13:     layout_basic, grunt_vaults_entry_tiered, st_stairs_8,
          guppyfry_shop_blood
D:14:     layout_basic, nemelex_xobeh_ov_fountains_minmay, uniq_agnes,
          uniq_snorg
D:15:     hangedman_spin_cycle, serial_shops
Temple:   bh_familiar_temple
Lair:1:   beast_lair_carwin_large_1, layout_long_grid, ldierk_geyser,
          chequers_serial_rivers_micro_e, lemuel_fruit_tree, uniq_sonja
Lair:2:   layout_regular_city, spider_nest_entry_web_field
Lair:3:   layout_regular_city, nicolae_swamp_entry_splash_gauntlet
Lair:4:   layout_regular_city, minmay_slime_entry_oklob_enclosed, basic_altar,
          chequers_serial_rivers_room_a, nicolae_quartered_pool_super
Lair:5:   hangedman_lair_caniforms_friends, layout_regular_city,
          bobbens_dragon_lair_wall, uniq_kirke
Orc:1:    layout_caves, basic_altar, uniq_fannar
Orc:2:    st_orc_town, layout_caves, serial_shops, nicolae_shop_stone,
          gauntlet_entry_generic, portal_ice_cave_rime
Elf:1:    nicolae_elf_arrival_dilemma, layout_geoelf_octagon,
          hangedman_elven_crosses_minicolossus, amcnicky_mini_corridor_feature
Elf:2:    nicolae_elf_blades_crystal_corner, layout_geoelf_octagon,
          portal_desolation_entry_garden, uniq_jorgrun
Desolation

Skill      XL: |  1  2  3  4  5  6  7  8  9 10 11 12 13 14 15 16 17 18 |
---------------+-------------------------------------------------------+-----
Axes           | 3 4 5 6 7 10 13 15 18 19 20 21 22 23 | 23.3
Fighting       | 4 5 6 7 9 10 11 13 14 15 17 18 19 | 19.4
Armour         | 4 5 6 8 9 11 12 13 14 15 16 17 | 17.9
Shields        | 4 5 6 8 9 11 12 13 14 15 16 17 | 17.9

Action                   |  1- 3 |  4- 6 |  7- 9 | 10-12 | 13-15 | 16-18 || total
-------------------------+-------+-------+-------+-------+-------+-------++-------
Melee: War axe           |   100 |   167 |    88 |       |       |       ||   355
       Unarmed           |     3 |       |       |       |       |       ||     3
       Hand axe          |       |       |   154 |       |       |       ||   154
       Broad axe         |       |       |    68 |   365 |   920 |   636 ||  1989
       Scimitar          |       |       |       |       |    26 |    12 ||    38
Throw: Dart              |       |       |       |       |     2 |       ||     2
Invok: Call Merchant     |       |       |       |     1 |     3 |     2 ||     6
       Potion Petition   |       |       |       |       |       |     1 ||     1
Evoke: Wand              |       |       |       |     3 |     2 |       ||     5
  Use: Scroll            |       |     9 |    26 |     6 |    13 |     6 ||    60
       Potion            |       |       |       |     2 |     2 |     8 ||    12
 Stab: Invisible         |       |       |     4 |     7 |    15 |     1 ||    27
       Distracted        |       |       |     2 |     3 |     4 |    19 ||    28
       Paralysed         |       |       |       |     2 |     2 |       ||     4
       Confused          |       |       |       |     1 |     4 |       ||     5
Armor: Scale mail        |    57 |    89 |     2 |       |       |       ||   148
       Skin              |     3 |       |       |       |       |       ||     3
       Chain mail        |       |       |   152 |    63 |       |       ||   215
       Gold dragon scale |       |       |       |   172 |   621 |   390 ||  1183
Dodge: Dodged            |    52 |    98 |   116 |   143 |   363 |   199 ||   971
Block: Buckler           |    18 |    47 |    61 |    91 |   332 |    63 ||   612
       Kite shield       |       |       |       |       |       |   270 ||   270

Table legend: (Time is in decaauts)
 A = Elapsed time spent in this place.
 B = Non-inter-level travel time spent in this place.
 C = Inter-level travel time spent in this place.
 D = Time resting spent in this place.
 E = Time spent auto-exploring this place.
 F = Levels seen in this place.
 G = Mean time per level.
                   A        B        C        D        E       F      G
               +--------+--------+--------+--------+--------+-----+--------+
         Total |  29436 |  26987 |   2449 |   3578 |  16609 |  30 |  981.2 |
       Dungeon |  18661 |  16806 |   1855 |   3063 |  10417 |  15 | 1244.1 |
        Temple |    180 |    163 |     17 |      0 |    159 |   1 |  180.0 |
          Lair |   5732 |   5320 |    412 |    447 |   3669 |   5 | 1146.4 |
  Orcish Mines |   2173 |   2027 |    146 |      0 |   1246 |   2 | 1086.5 |
   Elven Halls |   1261 |   1244 |     17 |     68 |    513 |   2 |  630.5 |
         Abyss |     13 |     13 |      0 |      0 |      0 |   1 |   13.0 |
         Sewer |    418 |    418 |      0 |      0 |      0 |   1 |  418.0 |
       Ossuary |    290 |    290 |      0 |      0 |    207 |   1 |  290.0 |
    Desolation |     99 |     99 |      0 |      0 |      0 |   1 |   99.0 |
      Gauntlet |    604 |    604 |      0 |      0 |    398 |   1 |  604.0 |
               +--------+--------+--------+--------+--------+-----+--------+

Top non-repeatable levels by time:
     D:9: 2259 daAuts
    D:12: 2078 daAuts
    D:11: 1808 daAuts
  Lair:5: 1698 daAuts
    D:13: 1566 daAuts
   Orc:2: 1484 daAuts
     D:7: 1391 daAuts
     D:8: 1373 daAuts
  Lair:4: 1346 daAuts
   Elf:1: 1233 daAuts
     D:3: 1192 daAuts
     D:5: 1155 daAuts
    D:14: 1057 daAuts
     D:6: 998 daAuts
     D:4: 957 daAuts
